 Dungeon Crawl Stone Soup version 0.29.1-15-g9cfb28693d (webtiles) character file.

Game seed: 4143600268597359453

1 QwertyIsDirtey the Slasher (level 1, 0/19 HPs)
             Began as a Barachi Berserker on Mar 24, 2023.
             Was a Follower of Trog.
             Slain by a hobgoblin (5 damage)
             ... on level 1 of the Dungeon.
             The game lasted 00:00:31 (104 turns).

QwertyIsDirtey the Slasher (Barachi Berserker)       Turns: 104, Time: 00:00:32

Health: 0/19       AC:  2    Str: 18    XL:     1   Next: 20%
Magic:  1/1        EV: 12    Int:  7    God:    Trog [*.....]
Gold:   0          SH:  0    Dex: 11    Spells: 0/0 levels left

rFire   . . .      SeeInvis .   a - +0 falchion
rCold   . . .      Faith    .   (no shield)
rNeg    . . .      Spirit   .   b - +0 animal skin
rPois   .          Reflect  .   (no helmet)
rElec   .          Harm     .   (no cloak)
rCorr   .          Rampage  .   (no gloves)
Will    .....                   (no boots)
Stlth   +.........              (no amulet)
HPRegen 0.06/turn               (no ring)
MPRegen 0.07/turn               (no ring)

@: slow
A: amphibious, slowness 1, strong legs 1, +LOS
a: Hop, Renounce Religion, Berserk


You were on level 1 of the Dungeon.
You worshipped Trog.
Trog was aware of your devotion.
You visited 1 branch of the dungeon, and saw 1 of its levels.

Inventory:

Hand Weapons
 a - a +0 falchion (weapon)
Armour
 b - a +0 animal skin (worn)
Scrolls
 d - 2 scrolls of identify {unknown}
Potions
 c - a potion of magic {unknown}


   Skills:
 + Level 3.6 Fighting
 + Level 3.6 Long Blades
 + Level 2.4 Armour
 + Level 2.2 Dodging


You couldn't memorise any spells.
You didn't know any spells.
Your spell library was empty.

Dungeon Overview and Level Annotations

Branches:
Dungeon (1/15)

Altars:


Innate Abilities, Weirdness & Mutations

You are amphibious.
You cover ground slowly.
You can hop short distances.
You have an extended range of vision and can be seen from far away.


Message History

Trog accepts your kill.
You see here a hobgoblin corpse.
d - 2 scrolls labelled NUALAO BICOI
Found a scroll labelled ZUIHAEGYUT.
A hobgoblin comes into view.
A hobgoblin comes into view.
The hobgoblin shouts!
The hobgoblin shouts!
The hobgoblin hits you. The hobgoblin barely misses you.
The hobgoblin barely misses you.
The hobgoblin hits you but does no damage.
The hobgoblin misses you. The hobgoblin barely misses you.
The hobgoblin hits you.
The hobgoblin hits you but does no damage.
The hobgoblin closely misses you.
You barely miss the hobgoblin. The hobgoblin hits you.
The hobgoblin barely misses you.
You closely miss the hobgoblin. The hobgoblin closely misses you. x2
You barely miss the hobgoblin. The hobgoblin barely misses you.
The hobgoblin hits you but does no damage.
You hit the hobgoblin but do no damage.
The hobgoblin hits you but does no damage.
The hobgoblin closely misses you.
You closely miss the hobgoblin.
The hobgoblin hits you but does no damage.
The hobgoblin hits you.
You hit the hobgoblin.
The hobgoblin is heavily wounded.
The hobgoblin hits you. x2
* * * LOW HITPOINT WARNING * * *
The hobgoblin barely misses you. The hobgoblin closely misses you.
You barely miss the hobgoblin. The hobgoblin closely misses you. x3
The hobgoblin misses you.
You hit the hobgoblin but do no damage. The hobgoblin misses you.
The hobgoblin barely misses you.
You hit the hobgoblin.
The hobgoblin is heavily wounded.
The hobgoblin closely misses you. The hobgoblin hits you.
You die...

..# #.#
#.#######.#
#..#......#
#..#....?.#
########.........#
.................#
####...##........#
......†##......gg#
.......###......@#
.......#
#.........#
.....###
####+####.# ######
.# . ##


You could see 2 hobgoblins.

Vanquished Creatures
  A hobgoblin (D:1)
1 creature vanquished.

Notes
Turn   | Place    | Note
-------+----------+-------------------------------------------
     0 | D:1      | QwertyIsDirtey the Barachi Berserker began the quest for
                  | the Orb.
     0 | D:1      | Reached XP level 1. HP: 18/18 MP: 1/1
   104 | D:1      | Slain by a hobgoblin

Illustrated notes

Levels and vault maps discovered:
D:1:      amcnicky_arrival_blooded_trapdoor, layout_basic,
          shapermc_ecumenical_altar_ellora, serial_shops,
          nicolae_shop_hallway_plus

Action                   || total
-------------------------++-------
Melee: Falchion          ||    11
Armor: Animal skin       ||     6
Dodge: Dodged            ||    19
